 Dungeon Crawl Stone Soup version 0.26-a0-49-g0e6732e0a6 (webtiles) character file.

Game seed: 8956244031371790995

51 Conn the Magician (level 3, -1/21 HPs)
             Began as an Octopode Wizard on June 4, 2020.
             Slain by a jackal (2 damage)
             ... on level 2 of the Dungeon.
             The game lasted 00:03:46 (1917 turns).

Conn the Magician (Octopode Wizard)                 Turns: 1917, Time: 00:03:47

Health: -1/21      AC:  1    Str:  6    XL:     3   Next: 83%
Magic:  4/8        EV: 13    Int: 21    God:
Gold:   109        SH:  0    Dex: 10    Spells: 2/10 levels left

rFire    . . .     SeeInvis .   e - +0 dagger
rCold    . . .     Gourm    .   (no shield)
rNeg     . . .     Faith    .   a - +0 hat
rPois    .         Spirit   .   i - amulet of magic regeneration
rElec    .         Reflect  .   (no ring)
rCorr    .         Harm     .   (no ring)
MR       .....                  (no ring)
Stlth    +++.......             (no ring)
HPRegen  0.07/turn              (no ring)
MPRegen  0.36/turn              (no ring)
                                (no ring)
                                (no ring)

@: flying
A: almost no armour, stealthy swim, amphibious, 8 rings, constrict 8, camouflage
1, gelatinous body 1
a: no special abilities


You were on level 2 of the Dungeon.
You were not hungry.

You visited 1 branch of the dungeon, and saw 2 of its levels.

You collected 109 gold pieces.

Inventory:

Hand Weapons
 e - a +0 dagger (weapon)
Missiles
 j - 16 poisoned darts (quivered)
Armour
 a - a +0 hat (worn)
Jewellery
 i - an amulet of magic regeneration (around mantle)
Scrolls
 b - 2 scrolls of identify {unknown}
 d - 3 scrolls of blinking {unknown}
 f - a scroll of magic mapping {unknown}
 h - a scroll of fear {unknown}
 l - a scroll of immolation {unknown}
 m - a scroll of remove curse {unknown}
Comestibles
 c - 2 rations
 g - 3 chunks of flesh


   Skills:
 + Level 0.2 Fighting
 + Level 0.3 Short Blades
 + Level 2.1 Dodging
 + Level 3.1 Stealth
 + Level 4.0 Spellcasting
 + Level 1.2 Conjurations
 + Level 1.0 Summonings
 + Level 1.0 Translocations


You had 2 spell levels left.
You knew the following spells:

 Your Spells              Type           Power        Failure   Level  Hunger
a - Magic Dart            Conj           #...         7%          1    None
b - Blink                 Tloc           N/A          12%         2    #......
c - Call Imp              Summ           #.......     12%         2    #......
d - Conjure Flame         Conj/Fire      #.......     28%         3    ###....

Your spell library contained the following spells:

 Spells                   Type           Power        Failure   Level  Hunger
 Slow                     Hex            #.......     19%         2    #......
 Mephitic Cloud           Conj/Pois/Air  #.......     30%         3    ###....


Dungeon Overview and Level Annotations

Branches:
Dungeon (2/15)

Altars:
Elyvilon


Innate Abilities, Weirdness & Mutations

You cannot wear most types of armour.
You are very stealthy in the water. (Stealth+)
You are amphibious.
You can wear up to eight rings at the same time.
You can use your tentacles to constrict eight enemies at once.
Your skin changes colour to match your surroundings (Stealth+).
Your rubbery body absorbs attacks. (AC +1, EV +1)


Message History

Casting: Blink (safe; 12% risk of failure)
Confirm with . or Enter, or press ? or * to list all spells.
A beastly little devil appears in a puff of flame.
The jackal completely misses your crimson imp.
The jackal bites you.
* * * LOW HITPOINT WARNING * * *
The jackal misses your crimson imp.
You aren't carrying any potions.
Unknown command.
Unknown command.
Casting: Call Imp (safe; 12% risk of failure)
Confirm with . or Enter, or press ? or * to list all spells.
Aiming: Magic Dart (safe; 7% risk of failure)
Press: ? - help, Shift-Dir - straight line, f/p - jackal
Aim: a jackal (heavily wounded)
The magic dart hits the jackal.
The jackal is severely wounded.
The jackal barely misses you. The jackal misses your crimson imp.
The jackal bites you.
You die...

.......# ..##.# #<......#
.......# #.##.# #.......#
.......###.##.# #.......#
##..÷....#.##.# ####.......#
##.......#.##.# #h.†h......##
##.......#..#.###h##........#
..........#.#.##5...........#
##........#.#.##h#.###.###..#
#.....>..#...##@#...###...
#........##..##.###.#.#.#
#........##..##..#......#
####........>##.###.#.###
##.##.######.#.)....# #. #.#
#.#÷#.#.## #.##.###
#...###...
#......####.###.###.#
####.#................


You could see 3 jackals and a friendly crimson imp (summoned).

Vanquished Creatures
  An adder (D:2)
  A worm (D:2)
  A dart slug (D:1)
  3 giant cockroaches
  6 goblins
  4 hobgoblins
  5 jackals (D:2)
  4 kobolds
  3 bats (D:1)
  A frilled lizard (D:2)
  6 rats
35 creatures vanquished.

Notes
Turn   | Place    | Note
-------+----------+-------------------------------------------
     0 | D:1      | Conn the Octopode Wizard began the quest for the Orb.
     0 | D:1      | Reached XP level 1. HP: 11/11 MP: 4/4
   366 | D:1      | Reached XP level 2. HP: 7/17 MP: 4/6
  1359 | D:2      | Found a white marble altar of Elyvilon.
  1403 | D:2      | Reached XP level 3. HP: 21/21 MP: 5/8
  1407 | D:2      | Learned a level 2 spell: Blink
  1410 | D:2      | Learned a level 2 spell: Call Imp
  1414 | D:2      | Learned a level 3 spell: Conjure Flame
  1770 | D:2      | Reached skill level 4 in Spellcasting
  1916 | D:2      | HP: 1/21 [jackal (3)]
  1917 | D:2      | Slain by a jackal

Illustrated notes

Levels and vault maps discovered:
D:1:      nicolae_arrival_washed_ashore, layout_loops_ring, corner_web_ring,
          hangedman_decor_points
D:2:      layout_basic, lemuel_doored_altar, minmay_indecisive_spiral

Skill      XL: |  1  2  3 |
---------------+----------+-----
Stealth        | 3 |  3.1
Spellcasting   | 4 |  4.0
Fighting       | |  0.2
Short Blades   | |  0.3
Dodging        | |  2.1
Conjurations   | |  1.2
Summonings     | |  1.0
Translocations | |  1.0

Action                   || total
-------------------------++-------
Melee: Unarmed           ||     6
       Constrict         ||    11
       Dagger            ||    29
       Tentacles         ||     4
 Cast: Magic Dart        ||    90
       Blink             ||     1
       Call Imp          ||     1
  Use: Potion            ||     1
  Eat: Chunk             ||     3
Armor: Skin              ||    10
Dodge: Dodged            ||    57

Table legend:
 A = Non-vault XP
 B = Vault XP
 C = Vault XP percentage of total XP
 D = Non-vault monster count
 E = Vault monster count
 F = Vault count percentage of total count
                 A         B        C        D         E       F
            +---------+---------+-------+---------+---------+-------
      Total |      55 |      19 |  25.7 |      31 |       4 |  11.4
            +---------+---------+-------+---------+---------+-------
        D:1 |      27 |       0 |   0.0 |      16 |       0 |   0.0
        D:2 |      28 |      19 |  40.4 |      15 |       4 |  21.1
            +---------+---------+-------+---------+---------+-------
